 Dungeon Crawl Stone Soup version 0.22-a0-603-gfc1114d (webtiles) character file.

2552 sking99 the Martial Artist (level 9, -5/75 HPs)
             Began as a Grey Draconian Transmuter on July 7, 2018.
             Was a Follower of Okawaru.
             Killed from afar by an electric eel (15 damage)
             ... with a bolt of electricity
             ... on level 8 of the Dungeon.
             The game lasted 00:17:11 (7448 turns).

sking99 the Martial Artist (DrTm)                   Turns: 7448, Time: 00:17:12

Health: -5/75      AC: 16    Str: 13    XL:     9   Next: 31%
Magic:  0/12       EV: 14    Int: 14    God:    Okawaru [*.....]
Gold:   496        SH:  0    Dex: 14    Spells: 9/12 levels left

rFire    . . .     SeeInvis .     - Unarmed
rCold    . . .     Gourm    .   (no shield)
rNeg     + . .     Faith    .   (armour unavailable)
rPois    .         Spirit   +   (helmet restricted)
rElec    .         Reflect  .   y - +0 cloak
rCorr    .         Harm     .   r - +0 pair of gloves
MR       .....                  (no boots)
Stlth    +.........             w - amulet of guardian spirit
HPRegen  0.22/turn              s - +2 ring of protection
MPRegen  0.13/turn              t - ring of positive energy

@: no status effects
A: walk through water, unfitting armour, unbreathing, cold-blooded, AC +12
a: Heroism, Renounce Religion


You were on level 8 of the Dungeon.
You worshipped Okawaru.
Okawaru was aware of your devotion.
You were not hungry.

You visited 2 branches of the dungeon, and saw 9 of its levels.

You collected 496 gold pieces.

Inventory:

Armour
 r - a +0 pair of gloves (worn)
 y - a +0 cloak (worn)
Jewellery
 s - a +2 ring of protection (left hand)
 t - a ring of positive energy (right hand)
 w - an amulet of guardian spirit (around neck)
Wands
 b - a wand of digging (16)
 k - a wand of acid (8)
 u - a wand of random effects (41)
Scrolls
 d - 2 scrolls of magic mapping
 f - 3 scrolls of remove curse
 h - 2 scrolls of teleportation
 m - 3 scrolls of identify
 n - a scroll of amnesia
 z - a scroll of immolation {unknown}
Potions
 g - a potion of flight
 i - a potion of lignification {unknown}
 j - a potion of haste {unknown}
 l - a potion of curing
 o - a potion of magic
 p - a potion of agility {unknown}
 q - a potion of cancellation {unknown}
 v - a potion of might {unknown}
Comestibles
 c - 11 rations


   Skills:
 + Level 5.7 Fighting
 + Level 4.6 Dodging
 * Level 9.9 Unarmed Combat
 - Level 2.0 Spellcasting
 - Level 5.0 Transmutations


You had 9 spell levels left.
You knew the following spells:

 Your Spells              Type           Power        Failure   Level  Hunger
a - Beastly Appendage     Tmut           ###...       3%          1    ##.....
b - Sticks to Snakes      Tmut           ###.....     4%          2    ###....

Your spell library contained the following spells:

 Spells                   Type           Power        Failure   Level  Hunger
 Confuse                  Hex            #.......     56%         3    ####...
 Stone Arrow              Conj/Erth      #.....       56%         3    ####...
 Spider Form              Tmut/Pois      #.........   26%         3    ####...
 Blade Hands              Tmut           ###.......   63%         5    ######.
 Ice Form                 Ice/Tmut       #.......     63%         4    #####..
 Confusing Touch          Hex            #.....       24%         1    ##.....
 Passwall                 Tmut/Erth      #.......     13%         2    ###....
 Metabolic Englaciation   Hex/Ice        #.........   100%        5    ######.
 Lee's Rapid Deconstruct  Erth           #.........   100%        5    ######.
 Sandblast                Erth           #.....       24%         1    ##.....
 Petrify                  Tmut/Erth      #.......     63%         4    #####..
 Gell's Gravitas          Tloc           #.........   56%         3    ####...
 Yara's Violent Unravell  Hex/Tmut       #.........   93%         5    ######.


Dungeon Overview and Level Annotations

Branches:
Dungeon (8/15)             Temple (1/1) D:5
   Lair: D:8-11

Altars:
Ashenzari
Cheibriados
Dithmenos
Elyvilon
Fedhas
Gozag
Hepliaklqana
Kikubaaqudgha
Makhleb
Okawaru
Qazlal
Ru
Sif Muna
Trog
Uskayaw
Vehumet
Wu Jian
Xom
Yredelemnul
Zin
The Shining One

Shops:
D:6 *


Innate Abilities, Weirdness & Mutations

You can walk through water.
Your dull iron-grey scales are very hard. (AC +12)
You cannot fit into any form of body armour.
You can survive without breathing.
You are cold-blooded and may be slowed by cold attacks.


Message History

The bolt of electricity hits you!
* * * LOW HITPOINT WARNING * * *
The bolt of electricity hits you!
* * * LOW HITPOINT WARNING * * *
The electric eel shoots out a bolt of lightning at you!
The bolt of electricity hits the electric eel.
The electric eel completely resists.
The bolt of electricity hits you!
* * * LOW HITPOINT WARNING * * *
The bolt of electricity misses you.
The electric eel shoots out a bolt of lightning at you!
The bolt of electricity misses you.
An electric eel comes into view.
The electric eel shoots out a bolt of lightning at you!
The bolt of electricity misses you.
The electric eel shoots out a bolt of lightning at you!
The bolt of electricity hits you!
* * * LOW HITPOINT WARNING * * *
The electric eel shoots out a bolt of lightning at you!
The bolt of electricity hits you!
You die...

#....+.....+ ...≈≈≈≈≈≈≈
#...##....###+ ##....;≈≈≈h
#...##....##..##....;.≈≈≈≈
#..........#........;≈≈≈≈≈
#..........+ .......;..≈≈≈
#..<##..#### #...;..≈.≈≈
#...###'########.......≈≈≈
#....#......#.....#.......
#....#......'@....+.......
#...#######.###...##......
#..<###.###.####### ......
#.........>...# ....##
#.............# ####
#..#..#......##
##############


You could see 4 electric eels.

Vanquished Creatures
  2 hippogriffs (D:7)
  Sigmund (D:2)
  Menkaure (D:5)
  Duvessa (D:4)
  An orc warrior (D:7)
  A sky beast (D:5)
  A wolf (D:8)
  2 ogres
  2 bullfrogs
  Dowan (D:4)
  A water moccasin zombie (D:6)
  3 scorpions
  A crimson imp (D:4)
  2 quasits
  2 bullfrog zombies
  Crazy Yiuf (D:6)
  A jelly (D:7)
  A centaur skeleton (D:5)
  4 orc priests
  2 hounds
  6 iguanas
  5 orc wizards
  3 worker ants (D:7)
  9 adders
  2 shadow imps
  An ooze (D:2)
  2 worms
  2 dart slugs (D:1)
  5 leopard geckos
  35 orcs
  6 giant cockroaches
  10 goblins
  2 hobgoblins (D:1)
  5 jackals
  3 quokkas
  3 ball pythons
  10 bats
  2 frilled lizards
  5 kobolds
  3 quokka skeletons
  4 rats
  A fungus (D:6)
155 creatures vanquished.

Vanquished Creatures (collateral kills)
  Jessica (D:2)
  A centaur skeleton (D:7)
  A jackal (D:5)
3 creatures vanquished.

Grand Total: 158 creatures vanquished

Notes
Turn   | Place    | Note
-------+----------+-------------------------------------------
     0 | D:1      | sking99 the Draconian Transmuter began the quest for the Orb.
     0 | D:1      | Reached XP level 1. HP: 16/16 MP: 3/3
   320 | D:1      | Reached XP level 2. HP: 23/23 MP: 5/5
   458 | D:1      | Learned a level 2 spell: Sticks to Snakes
   660 | D:1      | Found a shattered altar of Ashenzari.
  1028 | D:1      | Reached XP level 3. HP: 29/29 MP: 6/6
  1281 | D:2      | Noticed Sigmund
  1297 | D:2      | Killed Sigmund
  1297 | D:2      | Reached skill level 5 in Unarmed Combat
  1297 | D:2      | Reached XP level 4. HP: 11/38 MP: 4/7
  1297 | D:2      | Reached XP level 5. HP: 13/45 MP: 4/8
  1796 | D:2      | Found a shadowy altar of Dithmenos.
  2032 | D:2      | Noticed Jessica
  2036 | D:2      | Killed Jessica
  2639 | D:3      | Reached XP level 6. HP: 52/52 MP: 9/9
  3868 | D:5      | Entered Level 5 of the Dungeon
  3869 | D:5      | Found a staircase to the Ecumenical Temple.
  3873 | D:5      | Reached skill level 6 in Unarmed Combat
  3967 | D:5      | Noticed Menkaure
  3976 | D:5      | Killed Menkaure
  3978 | D:5      | Noticed Dowan
  4010 | D:5      | Your scales start taking on a dull iron-grey colour.
  4010 | D:5      | Reached XP level 7. HP: 38/60 MP: 10/10
  4010 | D:5      | Gained mutation: You can survive without breathing. [Grey Draconian growth]
  4010 | D:5      | Noticed Duvessa
  4432 | D:4      | Killed Duvessa
  4432 | D:4      | Reached skill level 7 in Unarmed Combat
  4447 | D:4      | Killed Dowan
  4447 | D:4      | Reached skill level 5 in Fighting
  4944 | D:5      | Reached XP level 8. HP: 61/68 MP: 11/11
  5334 | Temple   | Entered the Ecumenical Temple
  5541 | Temple   | Became a worshipper of Warmaster Okawaru
  5648 | D:6      | Reached skill level 8 in Unarmed Combat
  6001 | D:6      | Reached skill level 5 in Transmutations
  6004 | D:6      | Found Emapruc's Assorted Antiques.
  6051 | D:6      | Found a runed door.
  6055 | D:6      | Noticed Crazy Yiuf
  6059 | D:6      | Killed Crazy Yiuf
  6235 | D:7      | Reached * piety under Okawaru
  6243 | D:7      | Reached skill level 9 in Unarmed Combat
  6606 | D:7      | Noticed a hippogriff
  6616 | D:7      | Killed a hippogriff
  6616 | D:7      | Reached XP level 9. HP: 50/74 MP: 6/12
  7448 | D:8      | Killed from afar by an electric eel

Vault maps used:
D:1:      erik_arrival_cave_to_civilisation, evilmike_ruin_ashenzari
D:2:      lemuel_statue_altar, uniq_jessica, uniq_sigmund
D:3:      st_stairs_5, hex_medium
D:4:      first_ration
D:5:      minmay_temple_entry_from_below_a, uniq_duvessa, uniq_menkaure
D:6:      serial_shops, nicolae_shop_statue_plus, corexii_hall_statues_deadend,
          kennysheep_flooded_box, hangedman_decor_push, uniq_crazy_yiuf_cottage
D:8:      nemelex_xobeh_ov_fountains_minmay, erik_lair_island, serial_shops,
          nicolae_shop_window_shopping
Temple:   compressed_dpeg_triangle_lava_temple

Skill      XL: |  1  2  3  4  5  6  7  8 |
---------------+-------------------------+-----
Fighting       | 2 3 4 5 |  5.7
Unarmed Combat | 5 6 7 9 |  9.9
Transmutations | 3 4 5 |  5.0
Dodging        | 2 4 |  4.6
Spellcasting   | |  2.0

Action                   |  1- 3 |  4- 6 |  7- 9 || total
-------------------------+-------+-------+-------++-------
Melee: Unarmed           |   110 |   223 |   429 ||   762
       Tailslap          |    10 |    27 |    51 ||    88
       Punch             |     2 |     4 |    14 ||    20
       Headbutt          |       |       |     4 ||     4
 Cast: Sticks to Snakes  |     1 |     3 |     8 ||    12
       Beastly Appendage |       |     1 |     2 ||     3
Evoke: Wand              |       |       |     1 ||     1
  Use: Scroll            |       |    12 |     1 ||    13
       Potion            |       |     1 |     3 ||     4
 Stab: Sleeping          |       |     1 |       ||     1
  Eat: Chunk             |     1 |     9 |    12 ||    22
Armor: Skin              |    42 |    80 |   195 ||   317
Dodge: Dodged            |    86 |   104 |   276 ||   466

Table legend:
 A = Spawn XP
 B = Non-spawn XP
 C = Spawn XP percentage of total XP
 D = Spawn monster count
 E = Non-spawn monster count
 F = Spawn count percentage of total count
 G = Total turns spent on level
                    A         B        C        D         E        F      G
               +---------+---------+-------+---------+---------+-------+---------
         Total |       0 |    3646 |   0.0 |       0 |     157 |   0.0 |  7448
               +---------+---------+-------+---------+---------+-------+---------
           D:1 |       0 |      43 |   0.0 |       0 |      21 |   0.0 |  1122
           D:2 |       0 |     242 |   0.0 |       0 |      15 |   0.0 |   954
           D:3 |       0 |      99 |   0.0 |       0 |      24 |   0.0 |   967
           D:4 |       0 |     454 |   0.0 |       0 |      20 |   0.0 |  1342
           D:5 |       0 |     849 |   0.0 |       0 |      27 |   0.0 |   777
           D:6 |       0 |     505 |   0.0 |       0 |      15 |   0.0 |   702
           D:7 |       0 |    1333 |   0.0 |       0 |      34 |   0.0 |  1260
           D:8 |       0 |     121 |   0.0 |       0 |       1 |   0.0 |   100
               +---------+---------+-------+---------+---------+-------+---------
